 Dungeon Crawl Stone Soup version 0.18-a0-1551-g40744a8 (console) character file.

613 Liam the Magician (level 7, -4/41 HPs)
             Began as a High Elf Wizard on Mar 11, 2016.
             Killed by divine providence
             ... invoked by an orc priest
              (12 damage)
             ... on level 4 of the Dungeon.
             The game lasted 00:08:36 (4234 turns).

Liam the Magician (High Elf Wizard)                 Turns: 4234, Time: 00:08:36

Health: -4/41      AC:  2    Str:  6    XL:     7   Next: 20%
Magic:  5/16       EV: 12    Int: 23    God:
Gold:   152        SH:  0    Dex: 15    Spells: 5 memorised, 6 levels left

rFire  . . .     SeeInvis .     (no weapon)
rCold  . . .     Gourm    .     a - +0 robe
rNeg   . . .     Faith    .     (no shield)
rPois  .         Spirit   .     b - +0 hat
rElec  .         Dismiss  .     (no cloak)
rCorr  .         Reflect  .     (no gloves)
SustAt .         Harm     .     (no boots)
MR     .....                    (no amulet)
Stlth  ++........               (no ring)
                                (no ring)

@: not resistant to hostile enchantments, unstealthy
A: no striking features
a: no special abilities


You were on level 4 of the Dungeon.
You were not hungry.

You visited 1 branch of the dungeon, and saw 5 of its levels.

You collected 152 gold pieces.

Inventory:

Armour
 a - a +0 robe (worn)
 b - a +0 hat (worn)
Jewellery
 p - an uncursed amulet of faith {unknown}
 r - an uncursed ring of fire {unknown}
 x - an uncursed ring of ice {unknown}
Scrolls
 e - a scroll of random uselessness {unknown}
 i - 4 scrolls of teleportation {unknown}
 j - 3 scrolls of identify {unknown}
 m - 2 scrolls of amnesia {unknown}
 n - 2 scrolls of immolation {unknown}
 o - 3 scrolls of remove curse {unknown}
 q - a scroll of recharging {unknown}
 s - a scroll of magic mapping {unknown}
Potions
 g - a potion of mutation {unknown}
 h - a potion of resistance {unknown}
 l - a potion of degeneration {unknown}
 u - a potion of cure mutation
 v - a potion of heal wounds
 w - a potion of curing {unknown}
Books
 c - a book of Minor Magic

   Spells                             Type                      Level
   a - Magic Dart                     Conjuration                  1
   b - Blink                          Translocation                2
   c - Call Imp                       Summoning                    2
   d - Repel Missiles                 Charms/Air                   2
   e - Slow                           Hexes                        2
   f - Conjure Flame                  Conjuration/Fire             3
   g - Mephitic Cloud                 Conjuration/Poison/Air       3
Comestibles
 d - 3 bread rations
 f - 2 meat rations
 k - a beef jerky
 t - 3 fruits
 z - a chunk of flesh


   Skills:
 - Level 2.1 Dodging
 - Level 2.1 Stealth
 + Level 5.6 Spellcasting
 + Level 4.7 Conjurations
 + Level 2.4 Charms
   Level 0.8 Summonings
 + Level 2.5 Translocations
 + Level 1.9 Fire Magic
 + Level 2.4 Air Magic
 + Level 1.5 Poison Magic


You had 6 spell levels left.
You knew the following spells:

 Your Spells              Type           Power        Failure   Level  Hunger
a - Magic Dart            Conj           ####         1%          1    None
b - Blink                 Tloc           N/A          6%          2    None
d - Mephitic Cloud        Conj/Pois/Air  ###.....     10%         3    #......
e - Conjure Flame         Conj/Fire      ###.....     10%         3    #......
m - Repel Missiles        Chrm/Air       ###...       6%          2    None


Dungeon Overview and Level Annotations

Branches:
Dungeon (5/15)
 Temple: D:4-7

Altars:
Cheibriados
Makhleb
Okawaru
The Shining One

Annotations:
D:4 Duvessa


Message History

Duvessa goes berserk!
You hear a shout!
You hear a shout!
You hear a shout!
An orc comes into view. It is wielding a club.
The orc completely misses you.
An orc priest and an orc wizard come into view.
The orc priest shouts!
Duvessa is no longer berserk.
The orc barely misses you.
The orc priest mumbles some strange prayers to Beogh against you.
Beogh smites you! The orc hits you with a club.
The orc priest casts a cantrip, but nothing happens.
The orc priest mumbles some strange prayers to Beogh against you.
Beogh smites you!
* * * LOW HITPOINT WARNING * * *
The orc wizard shouts!
The orc priest calls down the wrath of Beogh upon you.
Beogh smites you!
You die...

#.####.############
#........<........##
#....[....##.......###########
####.####.##.##.##o..............
.....####.##.##.##.#..###########
...........#.##.##.#..#
...######..#.##.#..o..# ...#
#>.#.##.#..#..# ...#
#..#....@.)#..# ...#
#..####.#o##..# ##.# #..#
#.......##### #.# #..#
###.##e.....# #.# #..#
#.##.####.# ##.# #..# #.##.# #.#
##.# #..# #.##.# ##.#######
...######..## #.##.# #..e......
##........#.#####.##.# #.#####e..


You could see Duvessa, an orc priest, an orc wizard and an orc.

Vanquished Creatures
  Sigmund (D:3)
  A phantom (D:4)
  A scorpion (D:4)
  Dowan (D:4)
  Jessica (D:3)
  An iguana (D:4)
  A worker ant (D:4)
  Robin (D:3)
  9 adders
  3 oozes
  4 worms
  5 dart slugs
  6 giant geckos
  An orc (D:3)
  4 giant cockroaches
  13 goblins
  5 hobgoblins
  A quokka (D:3)
  3 ball pythons
  5 bats
  5 giant newts
  9 kobolds
  9 rats
90 creatures vanquished.

Vanquished Creatures (others)
  A giant newt (D:1)
1 creature vanquished.

Grand Total: 91 creatures vanquished

Notes
Turn   | Place    | Note
--------------------------------------------------------------
     0 | D:1      | Liam the High Elf Wizard began the quest for the Orb.
     0 | D:1      | Reached XP level 1. HP: 11/11 MP: 6/6
   251 | D:1      | Reached XP level 2. HP: 17/17 MP: 1/7
   415 | D:1      | Reached skill level 4 in Spellcasting
   764 | D:1      | Learned a level 2 spell: Blink
   896 | D:1      | Reached XP level 3. HP: 21/21 MP: 6/9
  1173 | D:2      | Found a burning altar of Makhleb.
  1175 | D:2      | Found an iron altar of Okawaru.
  1369 | D:2      | Found a faded altar to an unknown god.
  1399 | D:2      | Reached XP level 4. HP: 15/27 MP: 2/11
  2002 | D:2      | Found a glowing golden altar of the Shining One.
  2222 | D:2      | Found a snail-covered altar of Cheibriados.
  2312 | D:2      | Reached skill level 5 in Spellcasting
  2501 | D:3      | Reached XP level 5. HP: 31/31 MP: 7/13
  2566 | D:3      | Noticed Sigmund
  2574 | D:3      | Learned a level 3 spell: Mephitic Cloud
  2578 | D:3      | Learned a level 3 spell: Conjure Flame
  2581 | D:3      | Learned a level 2 spell: Repel Missiles
  2593 | D:3      | Killed Sigmund
  2593 | D:3      | Reached skill level 1 in Charms
  2593 | D:3      | Reached skill level 1 in Fire Magic
  2593 | D:3      | Reached skill level 1 in Air Magic
  2593 | D:3      | Reached XP level 6. HP: 27/36 MP: 2/15
  2781 | D:3      | Noticed Jessica
  2786 | D:3      | Killed Jessica
  2786 | D:3      | Reached skill level 1 in Poison Magic
  2841 | D:3      | Noticed Robin
  2849 | D:3      | Killed Robin
  3587 | D:4      | Noticed Duvessa
  3590 | D:4      | Noticed Dowan
  3647 | D:5      | Entered Level 5 of the Dungeon
  3727 | D:4      | Reached XP level 7. HP: 34/41 MP: 0/16
  4162 | D:4      | Noticed a moth of wrath
  4183 | D:4      | Killed Dowan
  4234 | D:4      | Killed from afar by an orc priest

Vault maps used:
D:1:      dpeg_arrival_snail, interstate_on_off
D:2:      nicolae_overflow_hidden_temple, cheibriados_altar_1,
          ecumenical_altar_2, nicolae_tso_swordbearing_angel
D:3:      uniq_sigmund, uniq_jessica, uniq_robin
D:4:      tgw_trog, lemuel_doored_altar, minmay_stone_trees_small, uniq_duvessa
D:5:      nicolae_ru_great_annihilating_truth, zin_academy, temple_pool_a,
          first_bread

Skill      XL: |  1  2  3  4  5  6 |
---------------+-------------------+-----
Conjurations   | 2 3 4 |  4.7
Spellcasting   | 4 5 |  5.6
Charms         | 1 2 |  2.4
Fire Magic     | 1 |  1.9
Air Magic      | 1 2 |  2.4
Poison Magic   | 1 |  1.5
Translocations | 2 |  2.5
Dodging        | |  2.1
Stealth        | |  2.1
Summonings     | |  0.8

Action                   |  1- 3 |  4- 6 |  7- 9 || total
-------------------------+-------+-------+-------++-------
Melee: Unarmed           |       |    13 |       ||    13
 Cast: Magic Dart        |    74 |   167 |    26 ||   267
       Blink             |     1 |     1 |       ||     2
       Mephitic Cloud    |       |     4 |     4 ||     8
       Conjure Flame     |       |     2 |     2 ||     4
  Use: Potion            |       |     2 |       ||     2
  Eat: Chunk             |     1 |     7 |     2 ||    10
